[Event "December 5 Early 2023"]
[Site "https://www.chess.com"]
[Date "2023.12.05"]
[Round "6"]
[White "Filipovic, Slobodan J"]
[Black "Cieslak, Patryk"]
[Result "1-0"]
[Board "82"]
[TimeControl "180+1"]
[WhiteFideId "939633"]
[BlackFideId "21078882"]
[WhiteElo "2452"]
[BlackElo "2653"]
[WhiteTeam "SRB"]
[BlackTeam "POL"]
[WhiteClock "0:00:08"]
[BlackClock "0:00:00"]

1. c4 e6 2. Nf3 d5 3. b3 Nf6 4. Bb2 Bd6 5. g3 O-O 6. Bg2 b6 7. O-O Bb7 8. d4 Nbd7 9. Nc3 a6 10. cxd5 exd5 11. Nh4 g6 12. Rc1 Re8 13. Qc2 Ne4 14. Nf3 Nxc3 15. Bxc3 Qe7 16. e3 Rac8 17. Qb2 Kg7 18. Qa1 f6 19. Bb2 Nf8 20. Rc2 Ne6 21. Rfc1 Ng5 22. Nxg5 fxg5 23. Rc6 Bxc6 24. Rxc6 Qf7 25. a3 Rf8 26. Qe1 Kg8 27. b4 g4 28. Qe2 Qf5 29. e4 dxe4 30. Bxe4 Rce8 31. Qc4+ Qf7 32. Bd5 Re1+ 33. Kg2 Qxd5+ 34. Qxd5+ Rf7 35. Rc2 h5 36. h3 gxh3+ 37. Kxh3 Re7 38. Kg2 Kh7 39. Bc1 Rf5 40. Qc6 h4 41. gxh4 Ref7 42. Bg5 Bf4 43. Qe4 Bxg5 44. hxg5 Rxg5+ 45. Kf1 Rh5 46. Rc6 Rhf5 47. Ke1 Kg7 48. Re6 Kf8 49. Re8+ Kg7 50. Qh4 g5 51. Qh8+ Kg6 52. Rg8+ Rg7 53. Qxg7+ Kh5 54. Rh8+ Kg4 55. Qd7 Kf4 56. Rh3 g4 57. Re3 Rh5 58. Ke2 1-0

[Event "December 5 Early 2023"]
[Site "https://www.chess.com"]
[Date "2023.12.05"]
[Round "6"]
[White "Bychkov, Vladimir"]
[Black "Spata, German"]
[Result "1-0"]
[Board "83"]
[TimeControl "180+1"]
[WhiteFideId "24151513"]
[BlackFideId "113026"]
[WhiteElo "2452"]
[BlackElo "2649"]
[WhiteTeam "RUS"]
[BlackTeam "ARG"]
[WhiteClock "0:00:11"]
[BlackClock "0:00:00"]

1. d4 Nf6 2. Bg5 g6 3. Bxf6 exf6 4. h4 h5 5. Nc3 Bg7 6. e4 O-O 7. Bd3 d6 8. Nge2 Nc6 9. Qd2 Nb4 10. O-O-O f5 11. f3 Nxd3+ 12. Qxd3 c6 13. Kb1 Qa5 14. Ng3 fxe4 15. Ncxe4 Be6 16. a3 Qd5 17. b3 Qa5 18. Ng5 Bd7 19. Ka2 Rfe8 20. f4 f5 21. c3 Re7 22. Rhe1 Rae8 23. Rxe7 Rxe7 24. Qd2 Bf8 25. Re1 d5 26. b4 Qb5 27. Rxe7 Bxe7 28. Qe2 Qxe2+ 29. Nxe2 Kf8 30. Nc1 Bd6 31. Nd3 Ke7 32. Nf3 b6 33. Nde5 Be8 34. Kb3 c5 35. Nd2 c4+ 36. Kb2 Ke6 37. Nf1 Be7 38. g3 Bd6 39. Ne3 b5 40. Nf3 Be7 41. Ng5+ Kd6 42. Kc2 Bf6 43. Kd2 Be7 44. Nf3 Bf6 45. Ne5 Be7 46. Ng2 Bf6 47. Ne1 Be7 48. N1f3 Bf6 49. Ng1 Be7 50. Nh3 Bf6 51. Nf2 Be7 52. Nd1 Bf6 53. Nb2 Be7 54. Kc2 Bf6 55. Kb1 Be7 56. Ka2 Bf6 57. a4 a6 58. axb5 axb5 59. Nd1 Be7 60. Ne3 Bf6 61. Kb2 Be7 62. Kc1 Bf6 63. Kd2 Be7 64. Nf3 Bf6 65. Nc2 Be7 66. Ng5 Bf6 67. Nh7 Be7 68. Ke3 Bf7 69. Ne1 Be8 70. Nf3 Bd7 71. Ne5 Be8 72. Kf3 Bd8 73. Nf8 Bf6 74. Nexg6 Bxg6 75. Nxg6 Ke6 76. Ne5 Bd8 77. Ke3 Bc7 78. Nf3 Kf6 79. Ne1 Ke6 80. Nc2 Kd6 81. Na3 Kc6 82. Kf3 Bd6 83. Nc2 Be7 84. Ne3 Bf6 85. Nxf5 Kd7 86. g4 hxg4+ 87. Kxg4 Ke6 88. h5 Bh8 89. Kg5 Bf6+ 90. Kg6 Bh8 91. h6 Bf6 92. h7 Bh8 93. Ng7+ Ke7 94. f5 Kf8 95. f6 1-0

[Event "December 5 Early 2023"]
[Site "https://www.chess.com"]
[Date "2023.12.05"]
[Round "6"]
[White "Kuderinov, Kirill"]
[Black "Todorovic, Bojan"]
[Result "1-0"]
[Board "84"]
[TimeControl "180+1"]
[WhiteFideId "13701568"]
[BlackFideId "917087"]
[WhiteElo "2649"]
[BlackElo "2440"]
[WhiteTeam "KAZ"]
[BlackTeam "SRB"]
[WhiteClock "0:00:58"]
[BlackClock "0:00:08"]

1. e4 g6 2. d4 Bg7 3. Nc3 d6 4. Nf3 a6 5. a4 Nc6 6. d5 Ne5 7. Nxe5 Bxe5 8. Bd3 Nf6 9. O-O O-O 10. f4 Bd4+ 11. Kh1 Nd7 12. f5 Bxc3 13. bxc3 Ne5 14. Bh6 Re8 15. Bf4 e6 16. Bxe5 dxe5 17. f6 exd5 18. Qd2 Re6 19. exd5 Rxf6 20. c4 b6 21. a5 Bb7 22. axb6 cxb6 23. Qe3 Rxf1+ 24. Rxf1 Qd6 25. h3 a5 26. Rb1 a4 27. Rxb6 Qc7 28. d6 Qd7 29. Be4 Bxe4 30. Qxe4 Ra7 31. Qxe5 Ra8 32. c5 a3 33. c6 Qd8 34. c7 Qd7 35. Rb8+ 1-0

[Event "December 5 Early 2023"]
[Site "https://www.chess.com"]
[Date "2023.12.05"]
[Round "6"]
[White "Gontcharov, Vladislav"]
[Black "Goldin, Roman"]
[Result "1/2-1/2"]
[Board "85"]
[TimeControl "180+1"]
[WhiteFideId "4123492"]
[BlackFideId "2803860"]
[WhiteElo "2643"]
[BlackElo "2437"]
[WhiteTeam "RUS"]
[BlackTeam "ISR"]
[WhiteClock "0:01:02"]
[BlackClock "0:00:09"]

1. d4 Nf6 2. c4 Nc6 3. Nf3 e6 4. a3 d6 5. Nc3 g6 6. g3 Bg7 7. Bg2 O-O 8. O-O Qe7 9. b4 e5 10. e3 Bg4 11. h3 Bd7 12. Bb2 h5 13. Rc1 exd4 14. exd4 Rae8 15. Qd2 Bf5 16. Rfe1 Qd7 17. Kh2 Ne4 18. Nxe4 Bxe4 19. d5 Bxf3 20. Bxg7 Kxg7 21. Bxf3 Ne5 22. Bg2 Qf5 23. Re3 Nd7 24. Rce1 Re5 25. f4 Rxe3 26. Qxe3 Qf6 27. Qe7 Qxe7 28. Rxe7 Rd8 29. g4 hxg4 30. hxg4 Kf8 31. Re1 Re8 32. Rxe8+ Kxe8 33. g5 Ke7 34. Kg3 Nb6 35. Bf1 Na4 36. Kf3 Nc3 37. Bd3 b6 38. Ke3 a5 39. Kd4 axb4 40. axb4 Na2 41. b5 Kd7 42. Bb1 Nc1 43. Bc2 Ne2+ 44. Ke3 Ng3 45. Kf3 Nf5 46. Bxf5+ gxf5 47. Kg3 Ke7 48. Kh4 Kf8 49. Kh5 Kg7 50. Kh4 Kg6 51. Kg3 Kh5 52. Kh3 Kg6 53. Kh4 Kg7 54. Kh5 Kh7 55. Kh4 Kg6 56. Kg3 Kh5 57. Kh3 Kg6 58. Kh4 Kg7 59. Kh5 Kh7 60. Kh4 Kg6 1/2-1/2

[Event "December 5 Early 2023"]
[Site "https://www.chess.com"]
[Date "2023.12.05"]
[Round "6"]
[White "Sai Han Thiha"]
[Black "Taichman, Ori"]
[Result "0-1"]
[Board "86"]
[TimeControl "180+1"]
[WhiteFideId "13012290"]
[BlackFideId "2804069"]
[WhiteElo "2428"]
[BlackElo "2640"]
[WhiteTeam "MYA"]
[BlackTeam "ISR"]
[WhiteClock "0:00:04"]
[BlackClock "0:00:23"]

1. Nf3 Nf6 2. g3 g6 3. b3 Bg7 4. Bb2 O-O 5. Bg2 c5 6. O-O Nc6 7. c4 d6 8. d4 d5 9. dxc5 dxc4 10. Nbd2 Nd7 11. Bxg7 Kxg7 12. Ne4 f5 13. Nfg5 Nde5 14. Nc3 Qa5 15. Nd5 h6 16. b4 Nxb4 17. Nxb4 Qxc5 18. Nf3 Nxf3+ 19. exf3 Qxb4 20. Qd4+ Rf6 21. Rfe1 Qd6 22. Qxc4 Be6 23. Qb5 Qb6 24. Qe5 f4 25. Rab1 Qa6 26. g4 Bxa2 27. Qxe7+ Rf7 28. Qe5+ Qf6 29. Rb2 Qxe5 30. Rxe5 Bc4 31. Bf1 Bxf1 32. Kxf1 a5 33. Reb5 a4 34. Rxb7 Rxb7 35. Rxb7+ Kf6 36. Rb2 a3 37. Ra2 Ke5 38. Ke2 Kd4 39. Kd2 Kc4 40. Kc2 g5 41. Ra1 a2 42. Kb2 Kd3 43. Rxa2 Rxa2+ 44. Kxa2 Ke2 45. Kb3 Kxf2 46. Kc4 Kxf3 47. Kd4 Kxg4 48. Ke4 Kh3 0-1

[Event "December 5 Early 2023"]
[Site "https://www.chess.com"]
[Date "2023.12.05"]
[Round "6"]
[White "Renjith, Sravan"]
[Black "Bolat, Inayat"]
[Result "1-0"]
[Board "87"]
[TimeControl "180+1"]
[WhiteFideId "4306783"]
[BlackFideId "13733125"]
[WhiteElo "2632"]
[BlackElo "2416"]
[WhiteTeam "NZL"]
[BlackTeam "KAZ"]
[WhiteClock "0:01:47"]
[BlackClock "0:00:00"]

1. Nf3 Nf6 2. b3 g6 3. Bb2 Bg7 4. e3 O-O 5. Be2 d6 6. O-O e5 7. d4 e4 8. Nfd2 d5 9. c4 c6 10. Nc3 Re8 11. Rc1 Be6 12. cxd5 cxd5 13. Nb5 Na6 14. Ba3 Qa5 15. b4 Qb6 16. Nb3 Bd7 17. Nc3 Rac8 18. b5 Nb8 19. Na4 Qe6 20. Nac5 Qb6 21. Na4 Qe6 22. Nbc5 Qe7 23. Qb3 Bf8 24. Bb4 Bf5 25. Rfe1 h5 26. Nd3 Qd8 27. Rxc8 Bxc8 28. Ne5 Bg7 29. Rc1 Nbd7 30. Bd6 Nxe5 31. Bxe5 b6 32. Nc3 Bb7 33. f3 Nd7 34. Bxg7 Kxg7 35. Nxd5 exf3 36. Bxf3 Nf6 37. Nxf6 Bxf3 38. Nxe8+ Kf8 39. gxf3 Qg5+ 40. Kh1 1-0

[Event "December 5 Early 2023"]
[Site "https://www.chess.com"]
[Date "2023.12.05"]
[Round "6"]
[White "Bodnar, Nikolay"]
[Black "Kiremitciyan, Ari"]
[Result "1-0"]
[Board "88"]
[TimeControl "180+1"]
[WhiteFideId "14106469"]
[BlackFideId "6373445"]
[WhiteElo "2627"]
[BlackElo "2415"]
[WhiteTeam "UKR"]
[BlackTeam "TUR"]
[WhiteClock "0:00:59"]
[BlackClock "0:00:00"]

1. Nf3 d5 2. c4 c6 3. b3 d4 4. Bb2 c5 5. b4 cxb4 6. Nxd4 Nc6 7. Nxc6 bxc6 8. g3 Nf6 9. Bg2 Bd7 10. O-O g6 11. a3 bxa3 12. Nxa3 Bg7 13. c5 O-O 14. Nc4 Qc8 15. Qa4 Be8 16. Na5 Nd7 17. Bxg7 Kxg7 18. Bxc6 Rb8 19. d4 e5 20. Bxd7 Bxd7 21. c6 Bh3 22. Rfd1 exd4 23. Qxd4+ Kg8 24. Rac1 Qa6 25. Nb7 Qxe2 26. Rd2 Qb5 27. Nd6 Qa6 28. c7 Ra8 29. g4 Rac8 30. Nxc8 Rxc8 31. Rd3 Bxg4 32. Qxg4 1-0

[Event "December 5 Early 2023"]
[Site "https://www.chess.com"]
[Date "2023.12.05"]
[Round "6"]
[White "Hoffmann, Asa"]
[Black "Gimenez Aguirre, Alejo Ismael"]
[Result "0-1"]
[Board "89"]
[TimeControl "180+1"]
[WhiteFideId "2001470"]
[BlackFideId "32041667"]
[WhiteElo "2408"]
[BlackElo "2626"]
[WhiteTeam "USA"]
[BlackTeam "ARG"]
[WhiteClock "0:00:00"]
[BlackClock "0:00:08"]

1. d4 Nf6 2. Bg5 e6 3. Nd2 c5 4. e3 cxd4 5. exd4 Nc6 6. c3 Be7 7. Bd3 d6 8. Ngf3 h6 9. Bh4 a6 10. O-O b5 11. a4 b4 12. Re1 bxc3 13. bxc3 O-O 14. h3 Nd5 15. Bg3 Nxc3 16. Qc2 Nd5 17. Qxc6 Bd7 18. Qc1 Rc8 19. Qb2 Rb8 20. Qc1 Rc8 21. Qd1 Nc3 22. Qb3 a5 23. Rec1 Nd5 24. Bb5 Nb4 25. Nc4 Bc6 26. Bxc6 Rxc6 27. Ne3 Rb6 28. Qd1 Qa8 29. Rc7 Bd8 30. Rd7 Qa6 31. Rc1 Bf6 32. Nc4 Rc6 33. Rxd6 Rfc8 34. Rxc6 Qxc6 35. Nfe5 Qe4 36. Nd6 Rxc1 37. Qxc1 Qxd4 38. Ndxf7 Bxe5 39. Nxe5 Qd5 40. Qc8+ Kh7 41. Qe8 Na2 42. Qg6+ Kg8 43. Bf4 Qd4 44. Qxe6+ Kh7 45. Be3 Qe4 46. Qxa2 Qxe5 47. Qc2+ Kh8 48. Qd3 Qa1+ 49. Kh2 Qxa4 50. Bd4 Qd7 51. Qe3 Qd6+ 52. Qe5 Qd7 53. Bb2 a4 54. g4 Qb7 55. h4 Qf7 56. Kg2 Qb7+ 57. Kg3 Qb3+ 58. f3 Qb7 59. g5 hxg5 60. hxg5 Qa7 61. g6 Qg1+ 62. Kf4 Qh2+ 63. Ke4 Qe2+ 64. Kf5 Qxf3+ 65. Ke6 Qc6+ 66. Qd6 Qe8+ 67. Qe7 Qxg6+ 68. Kd7 Qf5+ 69. Kc6 Qc2+ 70. Kd7 Qxb2 71. Qh4+ Kg8 72. Qd8+ Kh7 73. Qh4+ Kg6 74. Qxa4 Qe5 75. Qg4+ Kf6 76. Qh4+ g5 77. Qh8+ Kf5 78. Qh7+ Kf4 79. Qh2+ Ke4 80. Qe2+ Kf5 81. Qd3+ Qe4 82. Qh3+ g4 83. Qh5+ Kf4 84. Qh6+ Kf3 85. Qf6+ Qf4 0-1

[Event "December 5 Early 2023"]
[Site "https://www.chess.com"]
[Date "2023.12.05"]
[Round "6"]
[White "Skliarov, Viktor"]
[Black "Manon-og, Ramon Jr."]
[Result "1-0"]
[Board "90"]
[TimeControl "180+1"]
[WhiteFideId "14106736"]
[BlackFideId "5200776"]
[WhiteElo "2626"]
[BlackElo "2398"]
[WhiteTeam "UKR"]
[BlackTeam "PHI"]
[WhiteClock "0:01:08"]
[BlackClock "0:00:47"]

1. e4 c5 2. Nf3 d6 3. d4 cxd4 4. Qxd4 Nc6 5. Bb5 Bd7 6. Bxc6 Bxc6 7. Nc3 Nf6 8. Bg5 e5 9. Qd3 Be7 10. O-O-O Qb6 11. Bxf6 gxf6 12. Nd5 Bxd5 13. Qxd5 Rc8 14. Rd2 Rc5 15. Qd3 Ra5 16. Kb1 Rb5 17. c4 Rc5 18. Nh4 Qb4 19. Rc1 f5 20. Nxf5 Bg5 21. Qxd6 Qxd2 22. Ng7# 1-0

[Event "December 5 Early 2023"]
[Site "https://www.chess.com"]
[Date "2023.12.05"]
[Round "6"]
[White "Garrido, Denis"]
[Black "Martin Fuentes, Alberto"]
[Result "0-1"]
[Board "91"]
[TimeControl "180+1"]
[WhiteFideId "601217"]
[BlackFideId "2292289"]
[WhiteElo "2397"]
[BlackElo "2615"]
[WhiteTeam "FRA"]
[BlackTeam "ESP"]
[WhiteClock "0:00:22"]
[BlackClock "0:01:32"]

1. d4 Nf6 2. Nf3 c5 3. d5 b5 4. Bg5 Ne4 5. h4 Bb7 6. a4 b4 7. e3 d6 8. a5 Ba6 9. Bxa6 Nxa6 10. Qd3 Nxg5 11. hxg5 Nc7 12. g6 fxg6 13. Rxh7 Rxh7 14. Qxg6+ Kd7 15. Qf5+ e6 16. dxe6+ Nxe6 17. Qxh7 Qf6 18. Nbd2 Be7 19. Qe4 Rb8 20. O-O-O Ke8 21. Nc4 Rd8 22. Qc6+ Kf8 23. Rh1 d5 24. Nce5 Kg8 25. Qb7 Bd6 26. Ng4 Qf5 27. Rh4 c4 28. Qxa7 b3 29. Ne1 bxc2 30. f3 c3 31. bxc3 Ba3+ 0-1

[Event "December 5 Early 2023"]
[Site "https://www.chess.com"]
[Date "2023.12.05"]
[Round "6"]
[White "Buchenau, Frank"]
[Black "Guliev, Logman"]
[Result "1/2-1/2"]
[Board "92"]
[TimeControl "180+1"]
[WhiteFideId "4604350"]
[BlackFideId "13400061"]
[WhiteElo "2389"]
[BlackElo "2614"]
[WhiteTeam "GER"]
[BlackTeam "AZE"]
[WhiteClock "0:00:11"]
[BlackClock "0:00:08"]

1. e4 c5 2. Nf3 e6 3. d4 cxd4 4. Nxd4 a6 5. Bd3 Qc7 6. O-O d6 7. c4 Nf6 8. Nc3 Be7 9. Qe2 O-O 10. f4 Nc6 11. Be3 Bd7 12. Rac1 Rac8 13. Nxc6 Bxc6 14. Nd5 exd5 15. cxd5 Qa5 16. dxc6 Rxc6 17. Rxc6 bxc6 18. Qc2 Qxa2 19. Qxc6 Qxb2 20. Bxa6 Ng4 21. Bb6 Bd8 22. Ba7 Bf6 23. e5 dxe5 24. h3 Nh6 25. Bc5 Rd8 26. Bc4 exf4 27. Qc7 Bd4+ 28. Bxd4 Qxd4+ 29. Kh2 g5 30. Qe7 Qd6 31. Qxg5+ Kh8 32. Rxf4 Rg8 33. Qf6+ Qxf6 34. Rxf6 Kg7 35. Rf3 Rd8 36. Rg3+ Kf6 37. Rf3+ Ke7 38. Re3+ Kf6 39. Rf3+ Kg6 40. Rg3+ Kf5 41. Rf3+ Kg6 42. Rg3+ Kf6 43. Rf3+ 1/2-1/2

[Event "December 5 Early 2023"]
[Site "https://www.chess.com"]
[Date "2023.12.05"]
[Round "6"]
[White "Seder, Mohammed"]
[Black "Golubev, Mikhail"]
[Result "0-1"]
[Board "93"]
[TimeControl "180+1"]
[WhiteFideId "11505567"]
[BlackFideId "14100983"]
[WhiteElo "2372"]
[BlackElo "2608"]
[WhiteTeam "PLE"]
[BlackTeam "UKR"]
[WhiteClock "0:00:00"]
[BlackClock "0:00:21"]

1. e4 c5 2. Nf3 d6 3. Bb5+ Bd7 4. Bxd7+ Nxd7 5. O-O Ngf6 6. Re1 e6 7. c3 Be7 8. d4 O-O 9. Bf4 d5 10. e5 Ne4 11. Nbd2 cxd4 12. cxd4 Nxd2 13. Qxd2 Qb6 14. a3 Rac8 15. Qd3 Qxb2 16. Reb1 Qc3 17. Qxc3 Rxc3 18. Rxb7 Rd8 19. Bd2 Rxa3 20. Rxa3 Bxa3 21. Ba5 Nb6 22. Rxa7 Rc8 23. g3 Nc4 24. Ng5 h6 25. Nxf7 Nxa5 26. Rxa5 Bb2 27. Nd6 Rc1+ 28. Kg2 Bxd4 29. Ra8+ Kh7 30. f4 Rc2+ 31. Kf3 h5 32. g4 Rc3+ 33. Kg2 hxg4 34. Re8 Rc2+ 35. Kg3 Bg1 36. Rxe6 Bxh2+ 37. Kxg4 Rf2 38. f5 Re2 39. Nf7 Kg8 40. Ng5 Rxe5 41. Rxe5 Bxe5 42. Ne6 Kf7 43. Nc5 Ke7 44. Nd3 Bf6 45. Kf4 Kd6 0-1

[Event "December 5 Early 2023"]
[Site "https://www.chess.com"]
[Date "2023.12.05"]
[Round "6"]
[White "Aswath, S"]
[Black "Georg, Heinz"]
[Result "1-0"]
[Board "94"]
[TimeControl "180+1"]
[WhiteFideId "46694919"]
[BlackFideId "4607295"]
[WhiteElo "2607"]
[BlackElo "2363"]
[WhiteTeam "IND"]
[BlackTeam "GER"]
[WhiteClock "0:00:02"]
[BlackClock "0:00:00"]

1. c4 f5 2. Nc3 Nf6 3. g3 e5 4. Bg2 d6 5. d3 Nc6 6. Nf3 Be7 7. O-O O-O 8. Bg5 Be6 9. Ne1 Ng4 10. Bxe7 Qxe7 11. Nd5 Qf7 12. e3 g5 13. b4 a6 14. f4 gxf4 15. gxf4 Kh8 16. Qd2 Rg8 17. Kh1 Qh5 18. Bf3 Rg7 19. Rg1 Rag8 20. Nc2 Qh3 21. Qg2 Qh4 22. Raf1 Nf2+ 23. Rxf2 Rxg2 24. Rfxg2 Rxg2 25. Rxg2 Bxd5 26. Bxd5 h6 27. b5 axb5 28. cxb5 Nb4 29. Nxb4 Qe1+ 30. Rg1 Qxb4 31. fxe5 Qxb5 32. e4 fxe4 33. dxe4 dxe5 34. h4 c6 35. Bb3 Qd3 36. Rg8+ Kh7 37. Rb8 Qxe4+ 38. Kg1 b5 39. Rb7+ Kg6 40. Bf7+ Kf5 41. h5 Kg5 42. Bg6 Qe3+ 43. Kf1 Qf3+ 44. Ke1 e4 45. Re7 e3 46. Re5+ Kh4 47. Rf5 1-0

[Event "December 5 Early 2023"]
[Site "https://www.chess.com"]
[Date "2023.12.05"]
[Round "6"]
[White "Zivic, Dragan"]
[Black "Jaiveer Mahendru"]
[Result "0-1"]
[Board "95"]
[TimeControl "180+1"]
[WhiteFideId "904740"]
[BlackFideId "25611151"]
[WhiteElo "2347"]
[BlackElo "2605"]
[WhiteTeam "SRB"]
[BlackTeam "IND"]
[WhiteClock "0:00:12"]
[BlackClock "0:00:14"]

1. c4 b6 2. Nc3 Bb7 3. Nf3 Nf6 4. g3 d5 5. cxd5 Nxd5 6. Bg2 Nxc3 7. bxc3 g6 8. O-O Bg7 9. d4 O-O 10. Re1 Nd7 11. e4 c5 12. Bf4 cxd4 13. cxd4 Rc8 14. Rc1 b5 15. Rxc8 Qxc8 16. Qb3 a6 17. Bh3 Qd8 18. d5 Nb6 19. Ne5 Na4 20. Nc6 Qe8 21. Rc1 Nb6 22. Be5 Bxe5 23. Nxe5 Qb8 24. Qb2 Na4 25. Qa1 Qd6 26. Ng4 h5 27. Ne3 Qb4 28. Bg2 Rd8 29. h3 Bc8 30. Qe5 Qd6 31. Qxd6 exd6 32. Rc7 Kf8 33. f4 Nb6 34. e5 dxe5 35. fxe5 Rd7 36. Rc5 Rb7 37. d6 Rb8 38. Nd5 Be6 39. Nxb6 Rxb6 40. Bf1 f6 41. exf6 Rxd6 42. a4 bxa4 43. Ra5 Kf7 44. Rxa4 Kxf6 45. Rxa6 Rxa6 46. Bxa6 Bxh3 47. Kh2 Be6 48. Bf1 Kg5 49. Bg2 Bf5 50. Bf1 Kf6 51. Bg2 g5 52. Bf1 Kg6 53. Bg2 Be6 54. Bf1 g4 55. Bg2 Bf7 56. Bf1 Kf6 57. Bg2 Ke5 58. Bc6 Kd4 59. Kg1 Ke3 60. Kg2 Bg6 61. Kh2 Kf2 62. Bh1 Bd3 63. Bg2 Be2 64. Be4 Bf3 65. Bg6 h4 0-1

[Event "December 5 Early 2023"]
[Site "https://www.chess.com"]
[Date "2023.12.05"]
[Round "6"]
[White "Gruzman, Ilya"]
[Black "Olenik Campa, Rudi"]
[Result "0-1"]
[Board "96"]
[TimeControl "180+1"]
[WhiteFideId "2812703"]
[BlackFideId "14633264"]
[WhiteElo "2331"]
[BlackElo "2605"]
[WhiteTeam "ISR"]
[BlackTeam "SLO"]
[WhiteClock "0:00:01"]
[BlackClock "0:01:38"]

1. d4 Nf6 2. c4 g6 3. Nc3 Bg7 4. e4 d6 5. f4 O-O 6. Nf3 c5 7. d5 e6 8. Be2 exd5 9. cxd5 Re8 10. Nd2 a6 11. a4 Nbd7 12. O-O Rb8 13. Qc2 b6 14. Nc4 Qc7 15. Nd2 Bb7 16. Nf3 Bc8 17. h3 c4 18. Be3 b5 19. axb5 axb5 20. Ra7 Qd8 21. Rfa1 b4 22. Nd1 Rxe4 23. Bxc4 Nb6 24. Bd3 Re8 25. Ng5 Nbxd5 26. Bd4 Rb7 27. Rxb7 Bxb7 28. Ra7 Qb8 29. Qf2 h6 30. Nf3 Nxf4 31. Bf1 Ne6 32. Be3 Nd5 33. Ba6 Bxa6 34. Rxa6 Nxe3 35. Nxe3 Nc5 36. Ra1 Ne4 37. Qe2 Qb6 38. Kh2 d5 39. Rd1 Qd6+ 40. Kg1 d4 41. Nc4 Qc5 42. Qd3 f5 43. b3 Kh7 44. Ra1 Qc7 45. Nxd4 Rd8 46. Ne6 Rxd3 47. Nxc7 Bxa1 48. Na5 Be5 49. Na6 Rd1# 0-1

[Event "December 5 Early 2023"]
[Site "https://www.chess.com"]
[Date "2023.12.05"]
[Round "6"]
[White "Ianovsky, Matias Manuel"]
[Black "YurasovMat-2012"]
[Result "0-1"]
[Board "97"]
[TimeControl "180+1"]
[WhiteFideId "112470"]
[WhiteElo "2603"]
[BlackElo "2340"]
[WhiteTeam "ARG"]
[WhiteClock "0:00:04"]
[BlackClock "0:00:28"]

1. d4 d5 2. Nf3 c6 3. c4 Nf6 4. Nbd2 Bf5 5. g3 e6 6. Nh4 Be4 7. f3 Bg6 8. Bg2 c5 9. Nxg6 hxg6 10. cxd5 Nxd5 11. Qb3 cxd4 12. Qxb7 Nd7 13. Nb3 Rb8 14. Qxa7 Bb4+ 15. Kf2 e5 16. f4 N7f6 17. fxe5 Ng4+ 18. Kg1 Nb6 19. e6 O-O 20. Bf4 Bd6 21. e7 Bxe7 22. Qxb8 Qxb8 23. Bxb8 Rxb8 24. Bf3 Ne3 25. Rc1 Nbc4 26. Nxd4 Bc5 27. Nb3 Ba7 28. h4 Ng4+ 29. Kg2 Nce3+ 30. Kh3 Nf2+ 31. Kh2 Nxh1 32. Kxh1 Rd8 33. Kh2 Bb8 34. Kh3 f6 35. a4 g5 36. hxg5 fxg5 37. a5 Kf7 38. Bh5+ g6 39. g4 gxh5 40. gxh5 Rh8 0-1

[Event "December 5 Early 2023"]
[Site "https://www.chess.com"]
[Date "2023.12.05"]
[Round "6"]
[White "Maltsevskaya, Aleksandra"]
[Black "Borawski, Jakub"]
[Result "1-0"]
[Board "98"]
[TimeControl "180+1"]
[WhiteFideId "24174041"]
[BlackFideId "1143000"]
[WhiteElo "2602"]
[BlackElo "2254"]
[WhiteTeam "POL"]
[BlackTeam "POL"]
[WhiteClock "0:00:16"]
[BlackClock "0:01:11"]

1. e4 e5 2. Nf3 Nc6 3. Bb5 a6 4. Ba4 Nf6 5. O-O Be7 6. Re1 b5 7. Bb3 d6 8. c3 O-O 9. h3 Nb8 10. d4 Nbd7 11. a3 Bb7 12. Nbd2 Re8 13. Ba2 Bf8 14. Ng5 Re7 15. b4 h6 16. Ngf3 exd4 17. Nxd4 Nxe4 18. Nxe4 Rxe4 19. Rxe4 Bxe4 20. Bxh6 gxh6 21. Qg4+ Bg7 22. Qxe4 Qe8 23. Bxf7+ Kxf7 24. Qd5+ Kf8 25. Ne6+ Ke7 26. Nxc7 Qg6 27. Re1+ Be5 28. Qxa8 Qf6 29. Nd5+ 1-0

[Event "December 5 Early 2023"]
[Site "https://www.chess.com"]
[Date "2023.12.05"]
[Round "6"]
[White "Mishra, Manoj"]
[Black "Toman, Ondrej"]
[Result "0-1"]
[Board "99"]
[TimeControl "180+1"]
[WhiteFideId "5006007"]
[BlackFideId "344516"]
[WhiteElo "2247"]
[BlackElo "2600"]
[WhiteTeam "IND"]
[BlackTeam "CZE"]
[WhiteClock "0:00:21"]
[BlackClock "0:01:37"]

1. d4 Nf6 2. Bg5 e6 3. e3 c5 4. c3 h6 5. Bh4 Nc6 6. Bd3 b6 7. Nf3 Be7 8. Nbd2 Bb7 9. Nc4 O-O 10. O-O cxd4 11. exd4 d6 12. Bc2 Ba6 13. b3 d5 14. Ne3 Bxf1 15. Qxf1 Ne4 16. Bxe7 Nxe7 17. Bxe4 dxe4 18. Nd2 f5 19. Qc4 Qd7 20. f3 Rac8 21. Qb4 Nd5 22. Nxd5 exd5 23. f4 Rc6 24. Nf1 Rfc8 25. Rc1 Qd6 26. Qxd6 Rxd6 27. Ne3 g6 28. Kf2 Kf7 29. Ke2 Ke6 30. c4 dxc4 31. d5+ Rxd5 32. Nxd5 Kxd5 33. Rd1+ Ke6 34. Rc1 cxb3 0-1

[Event "December 5 Early 2023"]
[Site "https://www.chess.com"]
[Date "2023.12.05"]
[Round "6"]
[White "Rodriguez Avila, Alvaro"]
[Black "Skatchkov, Valery"]
[Result "0-1"]
[Board "100"]
[TimeControl "180+1"]
[WhiteFideId "24570249"]
[BlackFideId "24195812"]
[WhiteElo "2246"]
[BlackElo "2600"]
[WhiteTeam "ESP"]
[BlackTeam "RUS"]
[WhiteClock "0:00:59"]
[BlackClock "0:02:09"]

1. e4 e5 2. Nf3 d5 3. exd5 e4 4. Qe2 Nf6 5. d3 Qxd5 6. Nc3 Bb4 7. Nd2 Bxc3 8. bxc3 Nc6 9. Nxe4 Be6 10. Nxf6+ gxf6 11. Be3 O-O-O 12. Qf3 Qe5 13. d4 Qa5 14. Bd2 Rhe8 15. Be2 Bc4 16. Qf5+ Qxf5 0-1

[Event "December 5 Early 2023"]
[Site "https://www.chess.com"]
[Date "2023.12.05"]
[Round "6"]
[White "Starozhilov, Leonid"]
[Black "Baziuk, Vladyslav"]
[Result "1-0"]
[Board "101"]
[TimeControl "180+1"]
[WhiteFideId "14106752"]
[BlackFideId "34107940"]
[WhiteElo "2751"]
[BlackElo "2527"]
[WhiteTeam "UKR"]
[BlackTeam "UKR"]
[WhiteClock "0:00:29"]
[BlackClock "0:00:16"]

1. e4 c5 2. Nc3 d6 3. Bb5+ Bd7 4. a4 Nc6 5. Bxc6 Bxc6 6. d3 g6 7. Nge2 Bg7 8. Be3 Nf6 9. h3 O-O 10. O-O e5 11. f4 b6 12. fxe5 dxe5 13. b3 Ne8 14. Qd2 Nc7 15. Rf2 Ne6 16. Raf1 Nd4 17. Bh6 f5 18. Bxg7 Kxg7 19. exf5 gxf5 20. Nxd4 cxd4 21. Ne2 f4 22. c3 dxc3 23. Qxc3 Qd5 24. d4 Rac8 25. dxe5 Bxa4 26. Qa1 Bxb3 27. Nxf4 Qe4 28. Qxa7+ Kh8 29. Ng6+ Qxg6 30. Rxf8+ Rxf8 31. Rxf8+ Bg8 32. Qe7 Qb1+ 33. Kh2 Qg6 34. Qf6+ Qxf6 35. exf6 1-0

[Event "December 5 Early 2023"]
[Site "https://www.chess.com"]
[Date "2023.12.05"]
[Round "6"]
[White "Karthik Rajaa"]
[Black "Kotyk, Michael"]
[Result "1-0"]
[Board "102"]
[TimeControl "180+1"]
[WhiteFideId "25035215"]
[BlackFideId "16214501"]
[WhiteElo "2698"]
[BlackElo "2517"]
[WhiteTeam "IND"]
[BlackTeam "GER"]
[WhiteClock "0:00:58"]
[BlackClock "0:00:19"]

1. Nf3 Nf6 2. c4 c5 3. Nc3 Nc6 4. e3 e5 5. d4 e4 6. Ne5 Bd6 7. Nxc6 dxc6 8. dxc5 Bxc5 9. Qxd8+ Kxd8 10. a3 a5 11. Bd2 Bd6 12. Na4 Kc7 13. Bc3 Bf5 14. h3 Rhe8 15. g4 Bg6 16. Be2 Be5 17. h4 h5 18. g5 Nd7 19. Bd4 b6 20. O-O-O c5 21. Bxe5+ Nxe5 22. Nc3 Nd3+ 23. Bxd3 exd3 24. Kd2 Rad8 25. f3 Kc6 26. a4 f6 27. Rhg1 Bf7 28. b3 f5 29. g6 Be6 30. Rg5 Rh8 31. Rf1 Rdf8 32. Kxd3 Rh6 33. Ke2 Rf6 34. Rfg1 f4 35. e4 Rf8 36. Nd5 Bxd5 37. cxd5+ Kd6 38. Kd3 Ke7 39. e5 Rhh8 40. Ke4 Rd8 41. Rf5 Rhf8 42. Rxf8 Rxf8 43. Rg5 Rb8 44. Rf5 b5 45. Rf7+ Ke8 46. Rxg7 bxa4 47. Rg8+ Ke7 48. d6+ Ke6 49. Rxb8 a3 50. Rb7 a2 51. Re7# 1-0